 Dungeon Crawl Stone Soup version 0.18-a0-1805-g8ab820f (webtiles) character file.

71 wvc the Cutter (level 4, 0/26 HPs)
             Began as a Kobold Assassin on Apr 26, 2016.
             Succumbed to an orc's poison
             ... on level 3 of the Dungeon.
             The game lasted 00:02:44 (1369 turns).

wvc the Cutter (Kobold Assassin)                    Turns: 1369, Time: 00:02:45

Health: 0/26       AC:  5    Str: 14    XL:     4   Next: 47%
Magic:  4/4        EV: 19    Int:  9    God:
Gold:   81         SH:  0    Dex: 23    Spells: 0 memorised, 3 levels left

rFire  . . .     SeeInvis .     c - +2 dagger (vamp)
rCold  + . .     Gourm    .     o - +1 robe {rC+}
rNeg   . . .     Faith    .     (shield restricted)
rPois  .         Spirit   .     (no helmet)
rElec  .         Dismiss  .     d - +0 cloak
rCorr  .         Reflect  .     r - +0 pair of gloves
SustAt .         Harm     .     (no boots)
MR     .....                    l - amulet of regeneration
Stlth  +++++.....               (no ring)
                                (no ring)

@: mighty, agile, lethally poisoned (0 -> -10), flying, hasted, very quick, not
resistant to hostile enchantments, quite stealthy
A: carnivore 3
a: no special abilities


You were on level 3 of the Dungeon.
You were very full.

You visited 1 branch of the dungeon, and saw 3 of its levels.

You collected 81 gold pieces.

Inventory:

Hand Weapons
 b - a +0 blowgun
 c - a +2 vampiric dagger (weapon)
 w - a +1 dagger of venom
Missiles
 e - 8 poisoned needles
 f - 2 curare-tipped needles
Armour
 d - a +0 cloak (worn)
 o - a +1 robe of cold resistance (worn)
 r - a +0 pair of gloves (worn)
Jewellery
 l - an amulet of regeneration (around neck)
Scrolls
 h - a scroll of magic mapping {unknown}
 i - a scroll of remove curse {unknown}
 j - a scroll of recharging {unknown}
 m - 3 scrolls of teleportation {unknown}
 n - a scroll of enchant weapon {unknown}
 p - a scroll of immolation {unknown}
 q - 4 scrolls of identify {unknown}
 s - a scroll of blinking {unknown}
 t - a scroll of noise {unknown}
Potions
 k - a potion of haste
 u - a potion of flight
 v - a potion of agility
Comestibles
 g - 3 meat rations


   Skills:
 - Level 2.1 Fighting
 + Level 5.8 Short Blades
 - Level 2.1 Throwing
 - Level 1.2 Dodging
 - Level 5.3 Stealth


You had 3 spell levels left.
You didn't know any spells.

Dungeon Overview and Level Annotations

Branches:
Dungeon (3/15)

Altars:
Fedhas
Trog


Innate Abilities, Weirdness & Mutations

You are small and have problems with some larger weapons.
You are carnivorous and can eat meat at any time.


Message History

You feel sick.
Drink which item? (? for menu, Esc to quit)
It was a potion of agility.
You feel agile all of a sudden.
* * * LOW HITPOINT WARNING * * *
You feel sick.
Drink which item? (? for menu, Esc to quit)
It was a potion of flight.
You feel very buoyant.
You fly up into the air.
* * * LOW HITPOINT WARNING * * *
You feel sick.
Drink which item? (? for menu, Esc to quit)
It was a potion of might.
You feel very mighty all of a sudden.
* * * LOW HITPOINT WARNING * * *
You feel sick.
Drink which item? (? for menu, Esc to quit)
It was a potion of haste.
You feel yourself speed up.
You die...

##.#.#.##.#.#.# #.##..#
#.#.#.##.#.#.###.##...
#.#.#.##.#.#.....##.##
...###.#.#.........#####.#
..........#.##.#.#........#
....####.##....#.########.#
.. ##..#.####..........##
#........##########..o
#.#..@##.# #######
#.#<.....# ....≈..
#.##..#..# ....≈≈. ..
#..#..# ....o≈_ ## #..# .#
..oo.≈≈ #..# .# ..o.≈.≈
##.# . ..o.... <>. ..
......# ......


There were no monsters in sight!

Vanquished Creatures
  2 adders
  An ooze (D:1)
  2 worms
  2 giant geckos (D:2)
  An orc (D:3)
  7 bats
  2 giant cockroaches
  6 goblins
  5 hobgoblins
  4 giant newts (D:1)
  6 kobolds
  4 rats
42 creatures vanquished.

Notes
Turn   | Place    | Note
--------------------------------------------------------------
     0 | D:1      | wvc the Kobold Assassin began the quest for the Orb.
     0 | D:1      | Reached XP level 1. HP: 12/12 MP: 1/1
    84 | D:1      | Reached XP level 2. HP: 17/17 MP: 2/2
   634 | D:1      | Reached XP level 3. HP: 21/21 MP: 3/3
   848 | D:2      | Found a bloodstained altar of Trog.
   937 | D:2      | Reached skill level 5 in Short Blades
   959 | D:2      | Reached XP level 4. HP: 26/26 MP: 4/4
  1243 | D:3      | Found a blossoming altar of Fedhas.
  1369 | D:3      | Succumbed to an orc's poison

Vault maps used:
D:1:      dpeg_arrival_simpleton_c
D:2:      overflow_temple_1_default
D:3:      fedhas_altar_2

Skill      XL: |  1  2  3 |
---------------+----------+-----
Short Blades   | 3 4 5 |  5.8
Fighting       | |  2.1
Throwing       | |  2.1
Dodging        | |  1.2
Stealth        | |  5.3

Action                   |  1- 3 |  4- 6 || total
-------------------------+-------+-------++-------
Melee: Dagger            |    86 |    33 ||   119
  Use: Potion            |       |     4 ||     4
 Stab: Sleeping          |    11 |     1 ||    12
       Distracted        |       |     1 ||     1
  Eat: Chunk             |     8 |     5 ||    13
Armor: Robe              |    17 |     2 ||    19
Dodge: Dodged            |    56 |    16 ||    72
